 Dungeon Crawl Stone Soup version 0.26-a0-863-g3bff4b215c (webtiles) character file.

Game seed: 5401121162782496391

270804 reriks the Peltast (level 19, -11/177 HPs)
             Began as a Minotaur Fighter on Nov 25, 2020.
             Was the Champion of the Shining One.
             Killed from afar by a spark wasp (19 damage)
             ... with a living lightning
             ... on level 1 of the Depths.
             The game lasted 01:01:20 (47961 turns).

reriks the Peltast (Minotaur Fighter)              Turns: 47961, Time: 01:01:20

Health: -11/177    AC: 33    Str: 35    XL:     19   Next: 43%
Magic:  18/28      EV: 17    Int:  6    God:    the Shining One [******]
Gold:   2356       SH: 23    Dex: 12    Spells: 18/18 levels left

rFire    . . .     SeeInvis .   Y - +4 scimitar (flame)
rCold    . . .     Faith    .   g - +2 kite shield
rNeg     + + +     Spirit   .   u - +10 plate armour of Twilight {Str+3}
rPois    +         Reflect  +   (helmet restricted)
rElec    .         Harm     .   F - +0 cloak {MR+}
rCorr    .         Rampage  .   (no gloves)
MR       ++...                  G - +2 pair of boots {run}
Stlth    ..........             c - amulet of reflection
HPRegen  0.39/turn              N - +6 ring of strength
MPRegen  0.21/turn              P - ring of poison resistance

@: glowing, quick
A: retaliatory headbutt, horns 2
}: 2/15 runes: abyssal, gossamer
a: Divine Shield, Cleansing Flame, Summon Divine Warrior, Brand Weapon With Holy
Wrath, Renounce Religion


You were on level 1 of the Depths.
You worshipped the Shining One.
The Shining One was exalted by your worship.
You visited 8 branches of the dungeon, and saw 33 of its levels.
You visited the Abyss 1 time.
You also visited: Ice Cave.

You collected 4161 gold pieces.
You spent 1805 gold pieces at shops.

Inventory:

Hand Weapons
 Y - a +4 scimitar of flaming (weapon)
Missiles
 j - 81 poisoned darts
 Q - 14 javelins (quivered)
Armour
 g - a +2 kite shield (worn)
 n - the cursed +0 ring mail of Indecent Exposure {*Contam Int-2 Dex+4 SInv Stlth+, unknown}
   (You found it on level 1 of the Spider Nest)

   It affects your intelligence (-2).
   It affects your dexterity (+4).
   It lets you see invisible.
   It causes magical contamination when unequipped.
   It makes you more stealthy.
   It has a curse placed upon it.
 u - the +10 plate armour of Twilight (worn) {Str+3}
   (You bought it in a shop on level 2 of the Orcish Mines)

   It affects your strength (+3).
 F - a +0 cloak of magic resistance (worn)
 G - a +2 pair of boots of running (worn)
Jewellery
 c - an amulet of reflection (around neck)
 e - an uncursed amulet of guardian spirit
 C - an uncursed amulet of magic regeneration
 D - an uncursed ring of wizardry {unknown}
 J - a cursed -4 ring of dexterity
 N - a +6 ring of strength (left hand)
 P - a ring of poison resistance (right hand)
 S - a +6 ring of intelligence {unknown}
Wands
 b - a wand of disintegration (40)
 l - a wand of acid (4)
 q - a wand of polymorph (13)
 w - a wand of paralysis (12)
 H - a wand of digging (13)
 M - a wand of flame (24)
Scrolls
 k - 9 scrolls of enchant weapon
 o - 7 scrolls of teleportation
 p - 21 scrolls of remove curse
 s - 5 scrolls of enchant armour
 v - 5 scrolls of magic mapping
 y - 6 scrolls of amnesia
 z - 7 scrolls of immolation
 B - 7 scrolls of blinking
 I - 12 scrolls of identify
 O - 3 scrolls of holy word
 V - 2 scrolls of noise
 W - 2 scrolls of fog
 X - 2 scrolls of fear
Potions
 a - 2 potions of resistance
 d - 2 potions of might
 f - 8 potions of flight
 h - 6 potions of curing
 i - a potion of magic
 m - 3 potions of cancellation
 r - 5 potions of attraction
 t - 7 potions of haste
 x - a potion of berserk rage
 A - 17 potions of degeneration
 E - 4 potions of lignification
 K - 3 potions of mutation
 L - 3 potions of heal wounds
 R - 2 potions of ambrosia
 T - 2 potions of brilliance


   Skills:
 + Level 17.5 Fighting
 + Level 17.3 Long Blades
 + Level 17.4 Armour
 + Level 15.9 Dodging
 + Level 17.5 Shields
 * Level 13.5 Invocations


You had 18 spell levels left.
You didn't know any spells.
Your spell library contained the following spells:

 Spells                   Type           Power        Failure   Level
 Animate Skeleton         Necr           #.....       88%         1
 Beastly Appendage        Tmut           #.....       88%         1
 Magic Dart               Conj           #...         88%         1
 Pain                     Necr           #...         88%         1
 Blink                    Tloc           N/A          96%         2
 Call Imp                 Summ           #.......     96%         2
 Slow                     Hex            #.......     96%         2
 Wereblood                Tmut           #.......     96%         2
 Conjure Flame            Conj/Fire      #.......     99%         3
 Mephitic Cloud           Conj/Pois/Air  #.......     99%         3
 Spider Form              Tmut/Pois      #.........   99%         3
 Vampiric Draining        Necr           #.........   99%         3
 Animate Dead             Necr           #.........   100%        4
 Ice Form                 Ice/Tmut       #.......     100%        4
 Summon Lightning Spire   Summ/Air       #.......     100%        4
 Agony                    Necr           #.......     100%        5
 Blade Hands              Tmut           #.........   100%        5
 Metabolic Englaciation   Hex/Ice        #.........   100%        5
 Silence                  Hex/Air        #.........   100%        5
 Conjure Ball Lightning   Conj/Air       #.........   100%        6
 Freezing Cloud           Conj/Ice/Air   #.........   100%        6
 Ozocubu's Refrigeration  Ice            #.........   100%        6
 Simulacrum               Ice/Necr       #.........   100%        6
 Tornado                  Air            #.........   100%        9


Dungeon Overview and Level Annotations

Branches:
Dungeon (15/15)            Temple (0/1) D:5            Lair (6/6) D:8
 Shoals (1/4) Lair:3       Spider (4/4) Lair:2        Slime (0/5) Lair:5
    Orc (2/2) D:10            Elf (3/3) Orc:2        Vaults (1/5) D:14
 Depths (1/5) D:15          IceCv (visited)

Altars:
Cheibriados
Elyvilon
Fedhas
Gozag
Makhleb
Trog
Uskayaw
Vehumet
Wu Jian
Xom
Yredelemnul
Zin
The Shining One
Beogh
Jiyva

Shops:
D:4 *   D:11 [   D:12 !   Orc:2 (([(   Elf:2 *!   Vaults:1 :

Portals:
Hell: Depths:1
Abyss: Spider:4
Trove: Vaults:1 (give +2 gold dragon scales)

Annotations:
Lair:6 exclusion: 3 oklob plants
Spider:4 2 transporters, Caodgh's ghost, adept GrBe
Elf:3 1 runed translucent door, Foxy's ghost, master MiMo


Innate Abilities, Weirdness & Mutations

You reflexively headbutt those who attack you in melee.
You have a pair of horns on your head.


Message History

The spark wasp stings you but does no damage. x2
The spark wasp stings you!!
* * * LOW HITPOINT WARNING * * *
The spark wasp shocks you!
* * * LOW HITPOINT WARNING * * *
You block the spark wasp's attack.
The golden flame engulfs you but does no damage.
You resist.
The golden flame engulfs the spark wasp!!
You kill the spark wasp!
The golden flame engulfs the spark wasp!
The spark wasp is moderately wounded.
The golden flame engulfs the spark wasp but does no damage.
The spark wasp is almost dead.
The golden flame engulfs the spark wasp!!
You kill the spark wasp!
You hear a horrible gurgling sound!
The spark wasp bursts into living lightning!
The living lightning hits you!!
You die...

≈.∩.≈≈≈≈.###
≈≈≈.≈≈≈≈≈...#
≈≈≈≈≈≈≈≈≈...##
≈≈≈≈≈≈≈≈≈....#
≈≈≈≈≈≈≈≈.....# #
≈≈≈≈≈≈≈......## .###
###...........#### ....#
............###..#......
#.......#.##..y@y......
##...##.#.....†##$.....
##.....###..............
....⌠....###....#.......
...........#...###...##.
...###...<.##### ####
.## ###...# # #####


You could see 2 spark wasps.

Vanquished Creatures
  2 deep elf blademasters (Elf:2)
  3 tengu reavers
  Kirke (Spider:4)
  A frost giant (IceCv)
  A vault warden (Vaults:1)
  A deep elf sorcerer (Abyss:3)
  3 ghost moths (Spider:4)
  Louise (Elf:3)
  5 emperor scorpions
  A very ugly thing (D:14)
  6 entropy weavers
  2 deep elf annihilators
  2 dire elephants
  4 spark wasps
  Snorg (D:14)
  2 deep elf death magi (Elf:1)
  A shambling mangrove (Abyss:3)
  4 deep elf high priests
  A fire dragon (D:15)
  A yaktaur captain (D:14)
  A merfolk avatar (Lair:6)
  Erolcha (Orc:1)
  Harold (D:11)
  3 ice dragons
  3 rakshasas
  4 boulder beetles
  14 hydras
  A vault guard (Vaults:1)
  Erica (Lair:1)
  6 centaur warriors
  A satyr (Abyss:3)
  A catoblepas (D:11)
  8 two-headed ogres
  A queen ant (Spider:1)
  2 ogre magi (D:14)
  A tengu warrior (D:15)
  22 dancing weapons
  A vampire mage (Abyss:3)
  7 orc high priests (Orc:2)
  Urug (Lair:6)
  A thrashing horror (Abyss:3)
  7 death yaks
  Sonja (D:11)
  2 shadow wraiths (Vaults:1)
  15 deep elf knights
  2 unseen horrors
  2 wizards (Vaults:1)
  2 flayed ghosts
  Pikel (D:4)
  A lindwurm (Lair:4)
  An orc knight (Orc:1)
  11 deep elf archers
  4 harpies
  68 deep elf magi
  5 ironbrand convokers (Vaults:1)
  23 orb spiders
  A wolf spider zombie (D:14)
  2 orc sorcerers
  35 wolf spiders
  8 cyclopes
  20 ugly things
  2 moths of wrath
  3 worldbinders (Abyss:3)
  3 manticores
  3 black mambas
  A guardian serpent (Elf:2)
  14 elephants
  A black mamba (shapeshifter) (Depths:1)
  2 water nymphs (Abyss:3)
  A water nymph (shapeshifter) (Elf:3)
  A smoke demon (Abyss:3)
  2 torpor snails
  2 spectral swamp worms (Depths:1)
  An ice statue (IceCv)
  17 cane toads
  2 centaur skeletons
  16 komodo dragons
  Maggie (D:8)
  5 rime drakes
  A gargoyle (D:11)
  A kobold demonologist (D:13)
  17 demonic crawlers
  An efreet (D:13)
  6 yaktaurs
  A redback zombie (D:15)
  A freezing wraith (D:14)
  7 trolls
  26 polar bears
  45 jumping spiders
  14 hornets
  3 meliai (D:13)
  A wind drake (Lair:3)
  Prince Ribbit (Lair:1)
  15 slime creatures
  11 blink frogs
  88 redbacks
  2 air elementals (Elf:3)
  A centaur simulacrum (D:14)
  3 shadows
  9 water elementals
  6 wyverns
  53 yaks
  A fire elemental (Elf:1)
  44 tarantellas
  Sigmund (D:5)
  4 vampires
  A hog (Spider:4)
  5 wraiths
  A large abomination (Abyss:2)
  2 steam dragons
  6 vampire mosquitoes
  A chaos spawn (Abyss:3)
  A human simulacrum (Vaults:1)
  5 insubstantial wisps (Abyss:2)
  3 wargs (Orc:2)
  2 acid dragons (Vaults:1)
  18 soldier ants
  8 water moccasins
  2 phantoms
  2 black bears
  An eye of draining (shapeshifter) (D:15)
  13 orc warriors
  An eye of draining (D:13)
  2 necrophages
  3 sky beasts
  12 ice beasts
  5 ogres
  28 wolves
  A swamp drake (D:10)
  6 boggarts
  12 centaurs
  A big kobold (D:12)
  A wyvern zombie (D:13)
  23 bullfrogs
  2 earth elementals (Elf:2)
  A small abomination (Abyss:2)
  3 scorpions
  5 killer bees (D:9)
  8 electric eels
  3 centaur zombies
  2 howler monkeys
  2 bullfrog zombies
  A crimson imp (Spider:2)
  9 hounds
  3 jellies
  35 orc priests
  5 iguanas
  13 orc wizards
  38 worker ants
  9 hell rats
  2 hound skeletons
  A worker ant zombie (D:10)
  Robin (D:2)
  3 gnolls (D:3)
  7 river rats (Lair:3)
  13 adders
  A shadow imp (D:7)
  3 white imps
  2 ufetubi
  2 oozes
  3 adder skeletons
  A worm (D:3)
  4 dart slugs
  8 leopard geckos
  70 orcs
  13 bats
  10 giant cockroaches
  13 goblins
  13 hobgoblins
  19 jackals
  5 quokkas
  A ball python (D:1)
  4 frilled lizards
  9 kobolds
  A leopard gecko zombie (D:6)
  A quokka skeleton (D:6)
  15 rats
  2 crawling corpses (Elf:1)
1307 creatures vanquished.

Vanquished Creatures (collateral kills)
  A deep elf sorcerer (Abyss:3)
  A shambling mangrove (Abyss:3)
  A cane toad (Lair:1)
  A hornet (Abyss:3)
4 creatures vanquished.

Vanquished Creatures (others)
  2 deep elf magi
  A tarantella (Spider:4)
  2 bushes (Lair:6)
  46 fungi
  80 plants
  4 starspawn tentacles (Abyss:2)
  7 toadstools (Lair:4)
142 creatures vanquished.

Grand Total: 1453 creatures vanquished

Notes
Turn   | Place    | Note
-------+----------+-------------------------------------------
     0 | D:1      | reriks the Minotaur Fighter began the quest for the Orb.
     0 | D:1      | Reached XP level 1. HP: 19/19 MP: 0/0
   173 | D:1      | Reached XP level 2. HP: 27/27 MP: 1/1
   585 | D:1      | Reached skill level 1 in Dodging
   740 | D:1      | Reached XP level 3. HP: 33/33 MP: 2/2
  1199 | D:2      | Found a glowing golden altar of the Shining One.
  1310 | D:2      | Became a worshipper of the Shining One
  1549 | D:2      | Reached XP level 4. HP: 38/40 MP: 3/3
  1563 | D:2      | Noticed Robin
  1581 | D:2      | Killed Robin
  1836 | D:2      | Found a radiant altar of Vehumet.
  2052 | D:3      | Found a hide-covered altar of Uskayaw.
  2120 | D:3      | Reached XP level 5. HP: 33/47 MP: 4/4
  2973 | D:4      | Reached XP level 6. HP: 21/55 MP: 5/5
  3211 | D:4      | Noticed Pikel
  3225 | D:4      | Killed Pikel
  3226 | D:4      | Reached skill level 5 in Fighting
  3226 | D:4      | Reached skill level 5 in Long Blades
  3226 | D:4      | Reached skill level 5 in Armour
  3226 | D:4      | Reached skill level 5 in Shields
  3226 | D:4      | Reached XP level 7. HP: 55/62 MP: 6/6
  3270 | D:4      | Found Zin's Purification Station.
  3273 | D:4      | Found a glowing silver altar of Zin.
  3377 | D:4      | Found an ornate altar of the Wu Jian Council.
  3514 | D:4      | Reached * piety under the Shining One
  3605 | D:4      | Found a shimmering altar of Xom.
  3820 | D:5      | Entered Level 5 of the Dungeon
  3959 | D:5      | Reached XP level 8. HP: 44/70 MP: 7/7
  4117 | D:5      | Noticed Sigmund
  4170 | D:5      | Killed Sigmund
  4548 | D:5      | Found a staircase to the Ecumenical Temple.
  4737 | D:5      | Reached skill level 5 in Dodging
  4921 | D:6      | Found a snail-covered altar of Cheibriados.
  5002 | D:6      | Found a blossoming altar of Fedhas.
  5077 | D:6      | Found the cursed necklace of Bloodlust {*Rage +Rage MR++
                  | Int-3 Slay+6 *Curse}
  5092 | D:6      | Found a white marble altar of Elyvilon.
  5128 | D:6      | Found a basalt altar of Yredelemnul.
  5363 | D:6      | Reached XP level 9. HP: 77/79 MP: 8/8
  5372 | D:6      | Found a bloodstained altar of Trog.
  5638 | D:7      | Reached ** piety under the Shining One
  5760 | D:7      | Found a basalt altar of Yredelemnul.
  6087 | D:8      | Found a staircase to the Lair.
  6087 | D:8      | Noticed a komodo dragon
  6109 | D:8      | Killed a komodo dragon
  6361 | D:8      | Noticed Maggie
  6376 | D:8      | Killed Maggie
  6993 | D:9      | Noticed a two-headed ogre
  7002 | D:9      | Killed a two-headed ogre
  7003 | D:9      | Reached XP level 10. HP: 80/90 MP: 9/9
  8182 | D:9      | Found a burning altar of Makhleb.
  8300 | D:10     | Entered Level 10 of the Dungeon
  8874 | D:10     | Noticed an unseen horror
  8881 | D:10     | Killed an unseen horror
  9021 | D:10     | Reached *** piety under the Shining One
  9022 | D:10     | Found a staircase to the Orcish Mines.
  9680 | D:10     | Noticed a two-headed ogre
  9687 | D:10     | Killed a two-headed ogre
  9787 | D:11     | Noticed a catoblepas
  9925 | Lair:1   | Entered Level 1 of the Lair of Beasts
  9944 | Lair:1   | Noticed Prince Ribbit
  9967 | Lair:1   | Killed Prince Ribbit
  9971 | Lair:1   | Reached XP level 11. HP: 76/99 MP: 8/10
  9987 | Lair:1   | Reached skill level 10 in Armour
 10012 | Lair:1   | Noticed Erica
 10018 | Lair:1   | Killed Erica
 10019 | Lair:1   | Reached skill level 10 in Fighting
 10019 | Lair:1   | Reached skill level 10 in Shields
 10443 | Lair:1   | Reached skill level 10 in Long Blades
 11175 | Lair:2   | Noticed a death yak
 11482 | Lair:1   | Killed a death yak
 11657 | Lair:2   | Noticed a four-headed hydra
 11665 | Lair:2   | Killed a one-headed hydra
 11784 | Lair:2   | Noticed an eight-headed hydra
 11792 | Lair:2   | Killed a five-headed hydra
 11971 | Lair:2   | Reached XP level 12. HP: 69/110 MP: 7/11
 12509 | Lair:2   | Found a hole to the Spider Nest.
 13054 | Lair:3   | Reached **** piety under the Shining One
 13114 | Lair:3   | Noticed a death yak
 13121 | Lair:3   | Killed a death yak
 13122 | Lair:3   | Reached skill level 10 in Dodging
 13173 | Lair:3   | Noticed a six-headed hydra
 13180 | Lair:3   | Killed a two-headed hydra
 13242 | Lair:3   | Noticed a four-headed hydra
 13250 | Lair:3   | Killed a one-headed hydra
 13414 | Lair:3   | Noticed a four-headed hydra
 13419 | Lair:3   | Killed a two-headed hydra
 13525 | Lair:3   | Found a staircase to the Shoals.
 13967 | Lair:4   | Noticed an eight-headed hydra
 13974 | Lair:4   | Killed a four-headed hydra
 14160 | Lair:4   | Noticed a seven-headed hydra
 14170 | Lair:4   | Killed a one-headed hydra
 14644 | Lair:4   | Noticed a dire elephant
 14664 | Lair:4   | Found a runed translucent door.
 15182 | Lair:4   | Killed a dire elephant
 15183 | Lair:4   | Reached XP level 13. HP: 97/118 MP: 10/12
 15460 | Lair:4   | Got an encrusted morningstar
 15461 | Lair:4   | Identified the +3 morningstar "Veigaryo" {drain, *Noise rC+
                  | Str+2 Int+3} (You found it on level 4 of the Lair of
                  | Beasts)
 16168 | Lair:5   | Found a staircase to the Slime Pits.
 16168 | Lair:5   | Found a viscous altar of Jiyva.
 16400 | Lair:5   | Found a burning altar of Makhleb.
 16469 | Lair:6   | Entered Level 6 of the Lair of Beasts
 16607 | Lair:6   | Noticed Urug
 16611 | Lair:6   | Reached ***** piety under the Shining One
 16653 | Lair:6   | HP: 1/119 [five-headed hydra (7)]
 17504 | Lair:6   | Reached XP level 14. HP: 89/129 MP: 9/13
 19526 | Lair:6   | Killed Urug
 20538 | Orc:1    | Entered Level 1 of the Orcish Mines
 20538 | Orc:1    | Found a frozen archway.
 20586 | IceCv    | Entered an ice cave
 21538 | IceCv    | Noticed a frost giant
 21559 | IceCv    | Killed a frost giant
 21815 | IceCv    | Got a heavily runed plate armour
 22021 | IceCv    | Identified the +9 plate armour of Gestures {+Blink} (You
                  | found it in an ice cave)
 22470 | Orc:2    | Entered Level 2 of the Orcish Mines
 22539 | Orc:2    | Found a staircase to the Elven Halls.
 22597 | Orc:2    | Reached ****** piety under the Shining One
 22631 | Orc:2    | Reached skill level 1 in Invocations
 22651 | Elf:1    | Entered Level 1 of the Elven Halls
 23203 | Orc:2    | Found Baud Vio's Weapon Shoppe.
 23203 | Orc:2    | Found Goverch's Antique Armour Shop.
 23394 | Orc:2    | Bought a glowing kite shield for 285 gold pieces
 23394 | Orc:2    | Bought a warped plate armour for 1064 gold pieces
 23394 | Orc:2    | Identified the +10 plate armour of Twilight {Str+3} (You
                  | bought it in a shop on level 2 of the Orcish Mines)
 23732 | Orc:2    | Found Biacuecs's Antique Weapon Shoppe.
 23732 | Orc:2    | Found Cuic's Antique Weapon Shop.
 23786 | Orc:2    | Found a roughly hewn altar of Beogh.
 24132 | Orc:1    | Noticed Erolcha
 24141 | Orc:1    | Killed Erolcha
 24142 | Orc:1    | Reached XP level 15. HP: 138/138 MP: 16/16
 24765 | D:11     | Found an opulent altar of Gozag.
 24776 | D:11     | Noticed Sonja
 24782 | D:11     | Killed Sonja
 25095 | D:11     | Found Doalliox's Armour Shop.
 25099 | D:11     | Bought a +2 pair of boots of running for 456 gold pieces
 25343 | D:11     | Noticed Harold
 25353 | D:11     | Killed Harold
 25597 | D:12     | Found Futted's Distillery.
 26426 | D:13     | Reached skill level 5 in Invocations
 27365 | D:14     | Noticed Snorg
 27372 | D:14     | Killed Snorg
 27805 | D:14     | Found a gate to the Vaults.
 27896 | D:14     | Noticed a tengu reaver
 27905 | D:14     | Killed a tengu reaver
 27906 | D:14     | Reached skill level 15 in Armour
 28238 | D:14     | Reached skill level 15 in Shields
 28322 | D:14     | Reached skill level 15 in Fighting
 28734 | D:14     | Upgraded the game from 0.26-a0-858-gbf766624f9 to
                  | 0.26-a0-863-g3bff4b215c
 28795 | D:15     | Entered Level 15 of the Dungeon
 28829 | D:15     | Reached XP level 16. HP: 134/149 MP: 20/20
 29220 | D:15     | Reached skill level 15 in Long Blades
 29479 | D:15     | Found a staircase to the Depths.
 30063 | Spider:1 | Entered Level 1 of the Spider Nest
 31450 | Spider:1 | Got a steaming ring mail
 34124 | Spider:2 | Reached XP level 17. HP: 139/157 MP: 21/23
 35253 | Spider:3 | Reached skill level 10 in Invocations
 36375 | Spider:4 | Entered Level 4 of the Spider Nest
 36378 | Spider:4 | Found a transporter.
 36425 | Spider:4 | Noticed a hellephant
 36888 | Spider:4 | Noticed Kirke
 36897 | Spider:4 | Killed Kirke
 37061 | Spider:4 | Found a transporter.
 37083 | Spider:4 | Found a one-way gate to the infinite horrors of the Abyss.
 37110 | Spider:4 | Noticed Caodgh's ghost (adept GrBe)
 39024 | Spider:4 | Got a gossamer rune of Zot
 39544 | Elf:1    | Found a radiant altar of Vehumet.
 39904 | Elf:1    | Reached skill level 15 in Dodging
 39911 | Elf:1    | Reached XP level 18. HP: 138/168 MP: 20/25
 41205 | Elf:2    | Found Zufuusue's General Store.
 41605 | Elf:2    | Found a runed translucent gate.
 41636 | Elf:2    | Found a runed translucent gate.
 41636 | Elf:2    | Found a runed translucent gate.
 41672 | Elf:2    | Found Nupt's Distillery.
 43202 | Elf:3    | Entered Level 3 of the Elven Halls
 43602 | Elf:3    | Noticed Louise
 43620 | Elf:3    | Killed Louise
 44666 | Elf:3    | Found a shimmering altar of Xom.
 44666 | Elf:3    | Noticed Foxy's ghost (master MiMo)
 44668 | Elf:3    | Found a runed translucent door.
 44692 | Elf:3    | Noticed a Hell Sentinel
 44728 | Elf:3    | Cast into level 2 of the Abyss (a deep elf sorcerer)
 45060 | Abyss:3  | Reached XP level 19. HP: 24/177 MP: 1/27
 45390 | Abyss:3  | Got an abyssal rune of Zot
 45394 | Elf:3    | Escaped the Abyss
 45923 | Shoals:1 | Entered Level 1 of the Shoals
 46307 | Vaults:1 | Entered Level 1 of the Vaults
 47460 | Vaults:1 | Found an ornate altar of the Wu Jian Council.
 47585 | Vaults:1 | Found Nokh's Book Shoppe.
 47640 | Vaults:1 | Found a portal to a secret trove of treasure.
 47819 | Depths:1 | Entered Level 1 of the Depths
 47940 | Depths:1 | Found a gateway to Hell.
 47960 | Depths:1 | HP: 7/177 [spark wasp (15)]
 47961 | Depths:1 | Killed from afar by a spark wasp

Illustrated notes

Levels and vault maps discovered:
D:1:      heliophobic_arrival_henge, layout_loops_corners
D:2:      layout_loops_ring, old_standard_altar, lemuel_coloured_pillars_altar,
          lemuel_flame_loot_1, uniq_robin
D:3:      layout_rooms, eat_drink_and_be_merry_uskayaw
D:4:      layout_basic, marbit_many_paths, lemuel_round_altar, zin_purify,
          uniq_pikel
D:5:      layout_basic, minmay_temple_entry_statues, uniq_sigmund
D:6:      layout_rooms, kennysheep_slug_shrine, nicolae_overflow_crystal_walls,
          elyvilon_altar_1, basic_altar, fedhas_altar_3
D:7:      layout_rooms, yredelemnul_altar_generic
D:8:      layout_rooms, david_lair_shrubbed, uniq_maggie
D:9:      layout_loops_ring, nicolae_overflow_hidden_temple
D:10:     layout_basic, erik_orc_1, kennysheep_flooded_box
D:11:     nzn_motion_control, layout_long_grid, serial_shops,
          nicolae_shop_stone, grunt_gozag_statues, uniq_sonja, uniq_harold
D:12:     layout_roguey, serial_shops, nicolae_shop_crystal
D:13:     layout_loops_ring
D:14:     minmay_bad_star, layout_grid_maze, david_vaults_2,
          minmay_misc_feat_room, uniq_snorg
D:15:     grunt_enter_depths_hoard, layout_rooms, serial_park_fountain
Lair:1:   layout_concentric_octagons, uniq_prince_ribbit2, uniq_erica
Lair:2:   layout_chaotic_city, spider_nest_entry_funnel_web, grunt_megastairs_5,
          serial_bayou_shore_b
Lair:3:   layout_roguey, minmay_shoals_entry_beasts, kennysheep_abandoned_house
Lair:4:   gammafunk_lair_enchanted_lake, layout_cave_pods, hibernation_bobbens,
          grunt_megastairs_2
Lair:5:   layout_loops_ring, slime_altar_1, basic_altar, serial_bayou_pond_c,
          beast_lair_carwin_2, infiniplex_staircase_pool_2
Lair:6:   gammafunk_lair_ancient_temple, layout_loops_ring,
          small_statue_intersection, dpeg_oklob_1, uniq_urug
Shoals:1: layout_shoals, nicolae_shoals_this_corrosion
Spider:1: layout_chambers, nicolae_spider_webs_and_nodes, zaba_anthell
Spider:2: layout_spider_delve, nicolae_crawler_farm,
          hangedman_spider_tarantella_strand
Spider:3: layout_spider_delve
Spider:4: spider_rune_water, gammafunk_ghost_abyssal_escape, uniq_kirke
Orc:1:    layout_diamond_mine, portal_ice_cave_entry_ice_beasts,
          nicolae_orc_crystal_geode, uniq_erolcha
Orc:2:    st_orc_town, layout_caves
Elf:1:    eino_elf_arrival_altar, layout_geoelf_diagonals,
          minmay_elf_crystal_heptagon, chequers_big_river, grunt_ministairs_10,
          hangedman_elf_power_crystal, hangedman_elf_represent
Elf:2:    layout_rooms, serial_shops,
          nicolae_shop_temple_entry_statues_fountains, shop,
          fake_guardian_serpent_vault
Elf:3:    minmay_elf_hall_circle, layout_gridlike, ebering_ghost_xom,
          minmay_checkered_concentric_circles, uniq_louise
Vaults:1: v_misc_30, hangedman_vaults_locks, nicolae_vaults_sealed_display,
          vaults_room_pool, ontoclasm_vaults_gateway, vaults_dpeg_ring,
          ontoclasm_vaults_hangar, layout_vaults_chaotic_city,
          nicolae_trove_entry_columns, serial_shops, shop, basic_altar
Depths:1: layout_honeycomb, enter_ziggurat_c, minmay_room_of_horrors,
          pf_hell_entry_tar_river, columned_hall_lemuel, grunt_ministairs_12,
          minmay_hidden_floor, serial_bayou_shore_b, serial_bayou_shore_b,
          grunt_megastairs_4

Skill      XL: |  1  2  3  4  5  6  7  8  9 10 11 12 13 14 15 16 17 18 19 |
---------------+----------------------------------------------------------+-----
Dodging        | 1 2 3 4 5 7 8 9 10 11 12 13 14 15 | 15.9
Fighting       | 4 5 6 7 8 9 11 12 13 14 15 16 17 | 17.5
Armour         | 4 5 6 7 8 9 11 12 13 14 15 16 17 | 17.4
Shields        | 4 5 6 7 8 9 11 12 13 14 15 16 17 | 17.5
Long Blades    | 3 4 5 6 8 9 10 12 13 14 15 16 17 | 17.3
Invocations    | 3 7 9 11 12 13 | 13.5

Action                   |  1- 3 |  4- 6 |  7- 9 | 10-12 | 13-15 | 16-18 | 19-21 || total
-------------------------+-------+-------+-------+-------+-------+-------+-------++-------
Melee: Long sword        |    96 |   145 |   248 |   195 |       |       |       ||   684
       Headbutt          |    16 |    27 |    66 |   127 |   338 |   444 |    62 ||  1080
       Scimitar          |       |       |       |   275 |  1103 |  1676 |   238 ||  3292
Throw: Dart              |       |       |     8 |       |    15 |       |       ||    23
       Javelin           |       |       |       |       |       |    11 |       ||    11
Invok: Cleansing Flame   |       |       |       |       |       |     9 |     4 ||    13
       Divine Shield     |       |       |       |       |       |     1 |       ||     1
       Summon Divine War |       |       |       |       |       |       |     2 ||     2
Evoke: Wand              |       |       |       |     9 |     5 |     8 |     3 ||    25
  Use: Potion            |     1 |       |       |     1 |     1 |     1 |     3 ||     7
       Scroll            |       |     4 |       |    16 |    16 |     1 |       ||    37
Armor: Scale mail        |    18 |       |       |       |       |       |       ||    18
       Plate armour      |    34 |    98 |    99 |   138 |   347 |   673 |    81 ||  1470
Dodge: Dodged            |    21 |    30 |    65 |   154 |   386 |   706 |    92 ||  1454
Block: Kite shield       |    58 |    89 |   133 |   290 |   734 |  1229 |   261 ||  2794
       Reflection        |       |       |       |       |       |       |    19 ||    19
       Rpst.: Long sword |     7 |     8 |    23 |    17 |       |       |       ||    55
       Scimitar          |       |       |       |    29 |    77 |    97 |    22 ||   225

Table legend: (Time is in decaauts)
 A = Elapsed time spent in this place.
 B = Non-inter-level travel time spent in this place.
 C = Inter-level travel time spent in this place.
 D = Time resting spent in this place.
 E = Time spent auto-exploring this place.
 F = Levels seen in this place.
 G = Mean time per level.
                   A        B        C        D        E       F      G
               +--------+--------+--------+--------+--------+-----+--------+
         Total |  46404 |  42632 |   3772 |  16491 |  19169 |  36 | 1289.0 |
       Dungeon |  16302 |  14109 |   2193 |   3031 |   8693 |  15 | 1086.8 |
          Lair |  11940 |  11080 |    860 |   5357 |   4501 |   6 | 1990.0 |
        Shoals |      1 |      1 |      0 |      0 |      0 |   1 |    1.0 |
   Spider Nest |   7251 |   6894 |    357 |   3298 |   2165 |   4 | 1812.8 |
  Orcish Mines |   1756 |   1612 |    144 |    218 |    959 |   2 |  878.0 |
   Elven Halls |   5643 |   5503 |    140 |   2739 |   1906 |   3 | 1881.0 |
        Vaults |   1349 |   1274 |     75 |    605 |    472 |   1 | 1349.0 |
        Depths |    133 |    133 |      0 |    100 |     11 |   1 |  133.0 |
         Abyss |    620 |    620 |      0 |    408 |      0 |   2 |  310.0 |
      Ice Cave |   1404 |   1404 |      0 |    733 |    459 |   1 | 1404.0 |
               +--------+--------+--------+--------+--------+-----+--------+

Top non-repeatable levels by time:
  Lair:6: 3659 daAuts
Spider:4: 2673 daAuts
  Lair:2: 2590 daAuts
   Elf:1: 2102 daAuts
   Elf:2: 2102 daAuts
  Lair:1: 1865 daAuts
Spider:2: 1808 daAuts
Spider:1: 1803 daAuts
     D:9: 1768 daAuts
    D:10: 1755 daAuts
  Lair:4: 1751 daAuts
    D:14: 1675 daAuts
   Elf:3: 1438 daAuts
   IceCv: 1404 daAuts
Vaults:1: 1349 daAuts
